 Seeded DCSS version 0.31-a0-1-g4198be8af4 (webtiles) character file.

Game seed: 548224908236487523 (custom seed)

143866 Pimp the Destroyer (level 16, -3/127 HPs)
             Began as a Demonspawn Gladiator on May 2, 2023.
             Was the Champion of Makhleb.
             Killed from afar by an air elemental (18 damage)
             ... with a stunning burst
             ... while paralysed by an air elemental
             ... on level 5 of the Abyss.
             The game lasted 01:27:47 (30673 turns).

Pimp the Destroyer (Demonspawn Gladiator)          Turns: 30673, Time: 01:27:47

Health: -3/127     AC: 26    Str: 18      XL:     16   Next: 83%
Magic:  0/24       EV:  2    Int: 10 (11) God:    Makhleb [******]
Gold:   1152       SH:  0    Dex: 22      Spells: 0/24 levels left

rFire   + + +        r - +10 lance "Wyrmbane" {slay drac, rPois rF+ rC+ AC+3}
rCold   + . .        X - +0 buckler
rNeg    + + .        g - +1 fire dragon scales "Ogar" {rF++ rC- rN+ SInv}
rPois   +            c - +2 helmet
rElec   .            C - scarf {repulsion}
rCorr   +            a - +2 pair of gloves
SInv    +            F - +3 pair of mountain boots {steadfast, rC+}
Will    +....        e - amulet of guardian spirit
Stlth   +++          p - ring of the Peasants {Fly rN+}
HPRegen 0.00/turn    Z - ring of resist corrosion
MPRegen 0.19/turn

%: repel missiles, guardian spirit
@: paralysed, sick, flying, studying Conjurations
A: thin skeletal structure 3, demonic guardian 1, powered by death 3, weak 1,
subdued magic 1
a: Renounce Religion, Minor Destruction, Lesser Servant of Makhleb, Major
Destruction, Greater Servant of Makhleb


You were on level 5 of the Abyss.
You worshipped Makhleb.
Makhleb was exalted by your worship.
You visited 5 branches of the dungeon, and saw 25 of its levels.
You visited the Abyss 2 times.
You also visited: Bailey and Gauntlet.

You collected 4198 gold pieces.
You spent 3046 gold pieces at shops.

Inventory:

Hand Weapons
 f - the +1 demon blade of Eternal Vigilance {venom, Str-4 Dex+5 SInv}
   (You took it off a gnoll in a bailey)

   Str:       It affects your strength (-4).
   Dex:       It affects your dexterity (+5).
   SInv:      It lets you see invisible.
 q - the +1 trident "Onoqeac" {venom, Fly Str+3 Dex+2}
   (You found it on level 2 of the Lair of Beasts)

   Str:       It affects your strength (+3).
   Dex:       It affects your dexterity (+2).
   Fly:       It grants you flight.
 r - the +10 lance "Wyrmbane" (weapon) {slay drac, rPois rF+ rC+ AC+3}
   (You found it on level 3 of the Dungeon)

   AC:        It affects your AC (+3).
   rF:        It protects you from fire.
   rC:        It protects you from cold.
   rPois:     It protects you from poison.
 U - the +8 battleaxe of the Sheltering Gods {heavy, Stlth+}
   (You found it on level 11 of the Dungeon)

   Stlth:     It makes you more stealthy.
Missiles
 d - 13 throwing nets
 k - 11 poisoned darts
Armour
 a - a +2 pair of gloves (worn)
 c - a +2 helmet (worn)
 g - the +1 fire dragon scales "Ogar" (worn) {rF++ rC- rN+ SInv}
   (You took it off a gnoll in a bailey)

   rF:        It greatly protects you from fire.
   rC:        It makes you vulnerable to cold.
   rN:        It protects you from negative energy.
   SInv:      It lets you see invisible.
 j - a +0 cloak of preservation
 A - a +2 robe of resistance
 C - a scarf of repulsion (worn)
 F - the +3 pair of mountain boots (worn) {steadfast, rC+}
   (You acquired it on level 8 of the Dungeon)

   Steadfast: It prevents involuntary movement, except for blinking,
   teleportation, or banishment.
   rC:        It protects you from cold.
 Q - +0 ice dragon scales
 X - a +0 buckler (worn)
Jewellery
 e - an amulet of guardian spirit (around neck)
 p - the ring of the Peasants (left hand) {Fly rN+}
   (You found it in a Gauntlet)

   [ring of flight]

   rN:        It protects you from negative energy.
   Fly:       It grants you flight.
 B - a ring of positive energy
 E - a ring of see invisible
 Z - a ring of resist corrosion (right hand)
Wands
 b - a wand of digging (2)
 t - a wand of acid (12)
 D - a wand of paralysis (18)
 G - a wand of polymorph (15)
 H - a wand of roots (12) (quivered)
 I - a wand of mindburst (15)
 J - a wand of flame (51)
Scrolls
 h - 3 scrolls of enchant weapon
 i - 5 scrolls of enchant armour
 n - 5 scrolls of magic mapping
 u - a scroll of poison
 v - 3 scrolls of noise
 w - a scroll of fog
 y - 2 scrolls of amnesia
 M - 4 scrolls of teleportation
 R - 9 scrolls of identify
 V - a scroll of fear
Potions
 l - 6 potions of curing
 m - 3 potions of ambrosia
 s - a potion of might
 x - 3 potions of brilliance
 z - a potion of invisibility
 K - a potion of berserk rage
 L - 8 potions of lignification
 O - 2 potions of cancellation
 P - a potion of heal wounds
 S - 2 potions of haste
 T - 3 potions of flight
 W - 2 potions of resistance
Miscellaneous
 N - a piece from Xom's chessboard (15/15)


   Skills:
 - Level 11.7 Fighting
 - Level 12.0 Polearms
 - Level 9.6 Throwing
 - Level 9.3 Armour
 - Level 11.0 Dodging
 - Level 6.6 Shields
 - Level 4.9 Spellcasting
 + Level 12.4 Conjurations
 + Level 6.3 Transmutations
 + Level 6.2 Air Magic
 + Level 6.9 Poison Magic
 + Level 11.3 Invocations


You couldn't memorise any spells.
You knew the following spells:

 Your Spells              Type           Power      Damage    Failure   Level
a - Fulminant Prism       Conj/Hex       5%         3d7       52%         4
b - Eringya's Noxious Bo  Tmut/Pois      6%         N/A       100%        6
c - Storm Form            Tmut/Air       5%         N/A       100%        7
d - Orb of Destruction    Conj           10%        9d6       99%         7

Your spell library contained the following spells:

 Spells                   Type           Power      Damage    Failure   Level
 Magic Dart               Conj           84%        1d7       1%          1
 Searing Ray              Conj           42%        2d6       1%          2
 Mephitic Cloud           Conj/Pois/Air  15%        N/A       7%          3
 Momentum Strike          Conj/Tloc      22%        3d8       9%          2
 Iskenderun's Battlesphe  Conj           21%        2d7       13%         5
 Cigotuvi's Dreadful Rot  Necr/Pois/Air  16%        N/A       19%         2
 Stone Arrow              Conj/Erth      22%        3d8       19%         3
 Swiftness                Air            11%        N/A       19%         3
 Arcjolt                  Conj/Air       8%         1d18      45%         5
 Vhi's Electric Charge    Tloc/Air       12%        N/A       54%         3
 Blink                    Tloc           2%         N/A       77%         2
 Lesser Beckoning         Tloc           2%         N/A       77%         2
 Blade Hands              Tmut           5%         N/A       86%         5
 Fireball                 Conj/Fire      5%         3d5       87%         5
 Gell's Gravitas          Tloc           1%         N/A       94%         3
 Portal Projectile        Hex/Tloc       2%         N/A       94%         3
 Summon Guardian Golem    Hex/Summ       1%         N/A       94%         3
 Teleport Other           Tloc           1%         N/A       94%         3
 Tukima's Dance           Hex            1%         N/A       94%         3
 Conjure Ball Lightning   Conj/Air       8%         3x3d6     96%         6
 Animate Armour           Summ/Erth      2%         N/A       100%        4
 Dispel Undead            Necr           1%         3d6       100%        4
 Manifold Assault         Tloc           1%         N/A       100%        4
 Death Channel            Necr           0%         N/A       100%        6
 Dispersal                Tloc           0%         N/A       100%        6
 Plasma Beam              Fire/Air       3%         2x1d14    100%        6
 Spellforged Servitor     Conj/Summ      5%         N/A       100%        7
 Lehudib's Crystal Spear  Conj/Erth      5%         10d3      100%        8


Dungeon Overview and Level Annotations

Branches:
Dungeon (15/15)            Temple (1/1) D:5            Lair (5/5) D:9
 Shoals (0/4) Lair:2        Snake (0/4) Lair:2        Slime (0/5) Lair:4
    Orc (2/2) D:10            Elf (2/3) Orc:2        Vaults (0/5) D:14
 Depths (0/4) D:15         Bailey (visited)         Gauntlet (visited)

Altars:
Ashenzari
Cheibriados
Dithmenos
Fedhas
Gozag
Hepliaklqana
Kikubaaqudgha
Makhleb
Nemelex Xobeh
Okawaru
Qazlal
Ru
Sif Muna
Trog
Uskayaw
Vehumet
Wu Jian
Xom
Yredelemnul

Shops:
D:4 *   D:8 ?   D:12 :   D:14 !   Orc:2 (((=   Elf:2 ?

Annotations:
D:13 3 runed translucent doors, Dodiz's ghost, journeyman BaFi
Lair:5 exclusion: ice statue


Innate Abilities, Weirdness & Mutations

You have an unnaturally thin skeletal structure. (Dex +6, Stealth+++)
A weak demonic guardian rushes to your aid.
You regenerate a lot of health from kills.
You are weak. (Str -2)
Your spells are a little easier to cast, but a little less powerful.


Message History

The worldbinder is unaffected.
The deep elf zephyrmancer looks frightened! x2
The deep elf knight disappears in a puff of smoke!
You block the air elemental's attack.
Your ufetubus hits the deep elf zephyrmancer but does no damage.
Your ufetubus hits the deep elf zephyrmancer.
The deep elf zephyrmancer casts a spell.
The deep elf zephyrmancer blinks!
The deep elf zephyrmancer casts a spell.
The deep elf zephyrmancer blinks!
The air elemental barely misses you.
Your rust devil hits the deep elf zephyrmancer!
The deep elf zephyrmancer seems to be corroded for longer.
Your ufetubus hits the large abomination. x2
As you read the scroll of fog, it crumbles to dust.
The scroll dissolves into smoke.
The air elemental hits you.
* * * LOW HITPOINT WARNING * * *
The air elemental completely misses you.
The worldbinder hits you but does no damage.
The worldbinder misses you.
The deep elf zephyrmancer mumbles some strange words.
The deep elf zephyrmancer blinks!
The deep elf zephyrmancer casts a spell.
The deep elf zephyrmancer blinks!
The tentacled monstrosity barely misses you.
You block the tentacled monstrosity's attack.
The tentacled monstrosity tentacle-slaps you but does no damage.
You block the tentacled monstrosity's attack.
Your ufetubus misses the air elemental. x2
The large abomination hits your ufetubus!
Your ufetubus dies!
Your ufetubus disappears in a puff of smoke!
The tentacled monstrosity attacks as you move away!
The tentacled monstrosity tentacle-slaps you but does no damage. x2
You block the tentacled monstrosity's attack. x2
The air elemental attacks as you move away!
The air elemental hits you but does no damage.
The tentacled monstrosity is no longer covered in acid.
The air elemental fires a burst of electricity at you.
The stunning burst hits you!!
You suddenly lose the ability to move!
You die...

.. ## . . #######
. . .## #....
#.#. # #.###..#
##... # #E ##
#.§§§##..# #
##....#X4x§.#
#....#.3#3§§§...#
##.. ##§.#E@#e#
#..## ###X#.§...#
......# ..
##.#.......# ..
##. . #..#.#.####
. .# . . .#. .###
... .## # #.
#..... .. #.
.#### .. .#. . #.
.. ### .. . # 3
..#


You could see a tentacled monstrosity (ally target), a large abomination, a
worldbinder (corroded), an air elemental and a friendly rust devil (summoned).

Vanquished Creatures
  A bone dragon (Abyss:3)
  3 deep elf sorcerers (Elf:1)
  A cacodemon (Abyss:3)
  Nessos (D:14)
  Azrael (D:11)
  A minotaur (Gauntlet)
  A deep elf death mage (Elf:2)
  A white draconian (Abyss:2)
  Snorg (D:14)
  A blizzard demon (Abyss:3)
  The ghost of arandomgamer the Nimble, a journeyman GnMo of Sif Muna (D:11)
  2 ogre magi (Orc:2)
  3 hydras
  6 centaur warriors
  3 boulder beetles
  4 catoblepae
  19 dancing weapons
  8 two-headed ogres
  12 death yaks
  A tengu warrior (D:14)
  2 orc high priests
  Nergalle (D:11)
  10 deep elf knights
  A fire crab (Lair:3)
  Lodul (D:10)
  2 deep trolls (Orc:2)
  3 skeletal warriors (D:15)
  2 sixfirhies
  A skyshark (Lair:4)
  3 wizards
  5 deep elf archers
  The ghost of Mickster the Chopper, a novice HOBe of Trog (D:6)
  An orc knight (D:15)
  A necromancer (D:15)
  3 orc sorcerers
  15 ugly things
  Pikel (D:5)
  19 deep elf pyromancers
  15 deep elf zephyrmancers
  5 cyclopes
  18 elephants
  2 manticores (Lair:5)
  A merfolk siren (Lair:2)
  Maurice (D:9)
  Joseph (D:10)
  A centaur zombie (D:15)
  3 black mambas
  A naga mage (D:15)
  A gargoyle (D:7)
  14 cane toads
  3 large abominations
  A smoke demon (Abyss:2)
  A freezing wraith (Lair:5)
  A yaktaur (D:13)
  A hellion (Gauntlet)
  An unseen horror (D:12)
  A rime drake (Lair:3)
  A kobold demonologist (D:12)
  6 komodo dragons
  2 tengu conjurers
  An efreet (D:14)
  14 trolls
  2 ancient zymes (Abyss:5)
  A troll (shapeshifter) (D:14)
  4 polar bears
  A hornet (shapeshifter) (Elf:1)
  A harpy skeleton (D:15)
  A raiju (Abyss:2)
  11 blink frogs
  An air elemental (Elf:1)
  32 yaks
  3 shadows (Gauntlet)
  3 wraiths
  15 slime creatures
  6 wyverns
  2 water elementals
  2 basilisks
  A human (D:9)
  2 steam dragons
  9 fire elementals
  16 vampire mosquitoes
  A warg (Elf:2)
  A chaos spawn (Abyss:2)
  4 nagas (Lair:2)
  3 acid dragons
  Duvessa (D:7)
  5 hell hounds
  6 water moccasins
  14 orc warriors
  A sky beast (D:8)
  A black bear (shapeshifter) (Elf:1)
  3 black bears
  6 ice beasts
  9 wolves
  30 ogres
  A boggart (Elf:1)
  22 centaurs
  2 phantoms
  A lemure (D:5)
  A kobold brigand (D:8)
  4 earth elementals
  10 bullfrogs
  8 gnoll sergeants
  4 necrophages (D:7)
  2 scorpions (D:5)
  Dowan (D:7)
  9 killer bees
  3 electric eels
  5 howler monkeys
  A crimson imp (Gauntlet)
  2 jellies
  A quasit (Abyss:2)
  4 hounds
  6 gnoll boudas
  10 orc priests
  A boggart zombie (D:15)
  4 iguanas
  18 orc wizards
  6 hell rats (Lair:5)
  A boggart skeleton (D:15)
  A killer bee zombie (D:7)
  A howler monkey zombie (D:7)
  24 gnolls
  6 adders
  A river rat (shapeshifter) (D:15)
  3 shadow imps (D:5)
  4 white imps
  An ufetubus (D:5)
  3 worms
  2 dart slugs
  46 orcs
  3 bats
  10 endoplasms
  2 giant cockroaches (D:2)
  14 goblins
  9 hobgoblins
  3 jackals (D:1)
  10 kobolds
  6 ball pythons
  2 frilled lizards (D:1)
  A goblin skeleton (D:9)
  A jackal skeleton (D:9)
  4 rats
  A bush (D:7)
  A starspawn tentacle (Abyss:2)
723 creatures vanquished.

Vanquished Creatures (collateral kills)
  A hydra (Lair:4)
  A death yak (Lair:5)
  A deep elf archer (Elf:2)
  A deep elf pyromancer (D:14)
  3 ugly things
  3 elephants
  2 komodo dragons
  A troll (Orc:2)
  A yak (Lair:4)
  A warg (Orc:2)
  A hell hound (D:11)
  An ogre (Orc:2)
  A centaur (D:15)
  A hound (Bailey)
  An orc priest (D:3)
  3 gnolls
  2 worms (D:2)
  3 orcs (D:3)
  2 hobgoblins (D:4)
  2 quokkas
  A ball python (D:4)
33 creatures vanquished.

Vanquished Creatures (others)
  A deep elf knight (Elf:2)
  A wizard (Elf:1)
  A deep elf pyromancer (Elf:1)
  An unseen horror (D:13)
  A fire elemental (Elf:1)
  A hell hound (D:12)
  An ice beast (D:8)
  A centaur (D:12)
  An orc (Orc:1)
  24 demonic plants (Gauntlet)
  21 fungi
  2 lurking horrors
  34 plants
  A starspawn tentacle (Abyss:2)
  3 withered plants (Gauntlet)
94 creatures vanquished.

Grand Total: 850 creatures vanquished

Notes
Turn   | Place    | Note
-------+----------+-------------------------------------------
     0 | D:1      | Pimp the Demonspawn Gladiator began the quest for the Orb.
     0 | D:1      | Reached XP level 1. HP: 16/16 MP: 1/1
   121 | D:1      | Gained mutation: You have a somewhat thin skeletal
                  | structure. (Dex +2, Stealth+) [demonic ancestry]
   121 | D:1      | Reached XP level 2. HP: 10/22 MP: 2/2
   738 | D:2      | Found a faded altar of an unknown god.
   766 | D:2      | Gained mutation: A weak demonic guardian rushes to your
                  | aid. [demonic ancestry]
   766 | D:2      | Reached XP level 3. HP: 22/28 MP: 3/3
  1570 | D:2      | HP: 1/28 [gnoll/+0 whip (2)]
  1572 | D:2      | Reached XP level 4. HP: 1/34 MP: 4/4
  2088 | D:3      | Found a shimmering altar of Xom.
  2098 | D:3      | Gained mutation: You regenerate a little health from kills.
                  | [demonic ancestry]
  2098 | D:3      | Reached XP level 5. HP: 28/41 MP: 5/5
  2423 | D:3      | Found the +8 lance "Wyrmbane" {slay drac, rPois rF+ rC+
                  | AC+3}
  2880 | D:4      | Noticed a black bear
  2883 | D:4      | Killed a black bear
  2887 | D:4      | Gained mutation: You regenerate health from kills. [demonic
                  | ancestry]
  2887 | D:4      | Reached XP level 6. HP: 43/47 MP: 6/6
  3028 | D:4      | Found Wiajugh's General Store.
  3031 | D:4      | Bought a potion of heal wounds for 60 gold pieces
  3031 | D:4      | Bought a scroll of fear for 48 gold pieces
  3284 | D:5      | Entered Level 5 of the Dungeon
  3290 | D:5      | Noticed an ice beast
  3297 | D:5      | Gained mutation: You regenerate a lot of health from kills.
                  | [demonic ancestry]
  3297 | D:5      | Reached XP level 7. HP: 46/53 MP: 7/7
  3334 | D:5      | Noticed Pikel
  3402 | D:5      | Killed Pikel
  3403 | D:5      | Reached skill level 5 in Polearms
  3403 | D:5      | Reached XP level 8. HP: 59/61 MP: 8/8
  3572 | D:5      | Reached skill level 5 in Dodging
  3661 | D:5      | Reached skill level 5 in Fighting
  3830 | D:5      | Found a staircase to the Ecumenical Temple.
  3992 | Temple   | Entered the Ecumenical Temple
  4250 | D:5      | Found a sparkling altar of Nemelex Xobeh.
  4348 | D:5      | Reached skill level 5 in Throwing
  4642 | D:6      | Reached XP level 9. HP: 59/68 MP: 9/9
  4680 | D:6      | Found a runed translucent door.
  4687 | D:6      | Noticed Mickster's ghost (novice HOBe)
  4698 | D:6      | Reached skill level 1 in Armour
  4732 | D:6      | Killed Mickster's ghost
  5255 | D:7      | Noticed a gargoyle
  5296 | D:7      | Killed a gargoyle
  5485 | D:7      | Noticed a skeletal warrior
  5580 | D:8      | Found Tutioptimo's Magic Scroll Boutique.
  5605 | D:8      | Found a flagged portal.
  5622 | Bailey   | Entered a bailey
  6297 | Bailey   | Identified the +1 demon blade of Eternal Vigilance {venom,
                  | Str-4 Dex+5 SInv}
  6297 | Bailey   | Identified the +1 fire dragon scales "Ogar" {rF++ rC- rN+
                  | SInv}
  6321 | Bailey   | Gained mutation: You have a moderately thin skeletal
                  | structure. (Dex +4, Stealth++) [demonic ancestry]
  6321 | Bailey   | Reached XP level 10. HP: 66/77 MP: 10/10
  7559 | D:9      | Found an ornate altar of the Wu Jian Council.
  7560 | D:9      | Found an opulent altar of Gozag.
  7675 | D:9      | Found a runed translucent door.
  7678 | D:9      | Found a basalt altar of Yredelemnul.
  7871 | D:9      | Noticed Maurice
  7881 | D:9      | Killed Maurice
  8079 | D:9      | Found a staircase to the Lair.
  8293 | D:10     | Entered Level 10 of the Dungeon
  8307 | D:10     | Found a snail-covered altar of Cheibriados.
  8402 | D:10     | Noticed Joseph
  8416 | D:10     | Killed Joseph
  8460 | D:10     | Found a bloodstained altar of Trog.
  8523 | D:10     | Noticed Lodul
  8562 | D:10     | Killed Lodul
  8563 | D:10     | Gained mutation: You have an unnaturally thin skeletal
                  | structure. (Dex +6, Stealth+++) [demonic ancestry]
  8563 | D:10     | Reached XP level 11. HP: 65/84 MP: 11/11
  8834 | D:10     | Found a shadowy altar of Dithmenos.
  8846 | D:10     | Found a staircase to the Orcish Mines.
  8895 | D:10     | Found an ancient bone altar of Kikubaaqudgha.
  8895 | D:10     | Found a burning altar of Makhleb.
  8919 | D:10     | Became a worshipper of Makhleb the Destroyer
  9247 | D:10     | Reached skill level 10 in Polearms
  9336 | D:11     | Noticed a purple ugly thing
  9353 | D:11     | Killed a purple ugly thing
  9447 | D:11     | Noticed Nergalle
  9488 | D:11     | Killed Nergalle
  9489 | D:11     | Reached skill level 5 in Armour
  9755 | D:11     | Identified the staff of death "Cackola" {rN+ Int+3}
  9959 | D:11     | Found a runed translucent door.
  9960 | D:11     | Found a shimmering altar of Xom.
  9960 | D:11     | Noticed arandomgamer's ghost (journeyman GnMo)
  9961 | D:11     | Noticed a +0 rapier of chaos
  9993 | D:11     | Killed a +0 rapier of chaos
 10024 | D:11     | Killed arandomgamer's ghost
 10025 | D:11     | Identified the +8 battleaxe of the Sheltering Gods {heavy,
                  | Stlth+}
 10348 | D:12     | Noticed Azrael
 10832 | D:11     | Killed Azrael
 10848 | D:12     | Reached * piety under Makhleb
 10951 | D:12     | Found Kuwassib's Book Boutique.
 11064 | D:8      | Bought a scroll of acquirement for 780 gold pieces
 11065 | D:8      | Acquired the +3 pair of mountain boots {steadfast, rC+}
 11065 | D:8      | Found the +3 pair of mountain boots {steadfast, rC+}
 11360 | D:7      | Found a blossoming altar of Fedhas.
 11500 | D:7      | Noticed Duvessa
 11500 | D:7      | Noticed Dowan
 11509 | D:7      | Killed Duvessa
 11522 | D:7      | Killed Dowan
 12058 | D:12     | Reached XP level 12. HP: 43/94 MP: 12/12
 12590 | D:13     | Noticed a centaur warrior
 12604 | D:13     | Killed a centaur warrior
 12726 | D:13     | Reached ** piety under Makhleb
 12748 | D:13     | Noticed a centaur warrior
 12774 | D:13     | Killed a centaur warrior
 12914 | D:13     | Noticed a centaur warrior
 12915 | D:13     | Noticed a centaur warrior
 12946 | D:13     | Killed a centaur warrior
 12947 | D:13     | Reached skill level 1 in Shields
 12958 | D:13     | Killed a centaur warrior
 13193 | D:13     | Noticed a centaur warrior
 13206 | D:13     | Killed a centaur warrior
 13284 | D:13     | Noticed a naga warrior
 13286 | D:13     | Noticed a tengu warrior
 13286 | D:13     | Noticed a centaur warrior
 13286 | D:13     | Noticed a tengu warrior
 13287 | D:13     | Found a runed translucent gate.
 13287 | D:13     | Found a runed translucent gate.
 13287 | D:13     | Found a runed translucent gate.
 13287 | D:13     | Noticed Dodiz's ghost (journeyman BaFi)
 13289 | D:13     | Found an iron altar of Okawaru.
 13391 | Orc:1    | Entered Level 1 of the Orcish Mines
 13438 | Orc:1    | Noticed an orc high priest
 13711 | D:10     | Killed an orc high priest
 13879 | Orc:1    | Reached *** piety under Makhleb
 13953 | Orc:1    | Found a radiant altar of Vehumet.
 14269 | Orc:2    | Entered Level 2 of the Orcish Mines
 14295 | Orc:2    | Found a staircase to the Elven Halls.
 14440 | Orc:2    | Found a burning altar of Makhleb.
 14481 | Orc:2    | Noticed a two-headed ogre
 14482 | Orc:2    | Noticed a two-headed ogre
 14482 | Orc:2    | Noticed a two-headed ogre
 14611 | Orc:1    | HP: 4/96 [two-headed ogre/+0 giant club (14)]
 14612 | Orc:1    | Killed a two-headed ogre
 14621 | Orc:1    | Killed a two-headed ogre
 14622 | Orc:1    | Reached XP level 13. HP: 39/102 MP: 13/13
 15010 | Orc:2    | Reached **** piety under Makhleb
 15035 | Orc:1    | Reached skill level 10 in Fighting
 15214 | Orc:2    | Found Gorisch's Weapon Boutique.
 15218 | Orc:2    | Found Ongog's Weapon Boutique.
 15218 | Orc:2    | Found Ruunkuac's Jewellery Shoppe.
 15263 | Orc:2    | Found Itariangi's Weapon Shop.
 15688 | D:8      | Bought a scroll of acquirement for 780 gold pieces
 15688 | D:8      | Acquired a manual of Conjurations
 15758 | Lair:1   | Entered Level 1 of the Lair of Beasts
 16334 | Lair:1   | Reached skill level 1 in Conjurations
 16340 | Lair:1   | Reached skill level 1 in Invocations
 16639 | Lair:2   | Reached skill level 1 in Spellcasting
 16650 | Lair:1   | Reached skill level 10 in Dodging
 16785 | Lair:2   | Reached ***** piety under Makhleb
 16928 | Lair:2   | Identified the +1 trident "Onoqeac" {venom, Fly Str+3
                  | Dex+2}
 17055 | Lair:2   | Found a staircase to the Snake Pit.
 17182 | Lair:2   | Reached skill level 5 in Shields
 17224 | Lair:2   | Reached XP level 14. HP: 96/111 MP: 17/17
 17350 | Lair:2   | Found a staircase to the Shoals.
 18831 | Lair:3   | Reached skill level 5 in Conjurations
 19427 | Lair:4   | Found a gate leading to a gauntlet.
 19436 | Gauntlet | Entered a Gauntlet
 19436 | Gauntlet | Found a transporter.
 19436 | Gauntlet | Found a transporter.
 19436 | Gauntlet | Found a transporter.
 19458 | Gauntlet | Found a transporter.
 19470 | Gauntlet | Found a transporter.
 19471 | Gauntlet | Found a transporter.
 19487 | Gauntlet | Found a transporter.
 19506 | Gauntlet | Found a transporter.
 19521 | Gauntlet | Found a transporter.
 19524 | Gauntlet | Found a transporter.
 19532 | Gauntlet | Found a transporter.
 19535 | Gauntlet | Found a transporter.
 19890 | Gauntlet | Identified the ring of the Peasants {Fly rN+}
 20031 | Gauntlet | Identified the staff of cold "Ronar" {rC+ rN+ Dex+4}
 20393 | Lair:4   | Reached skill level 5 in Invocations
 20721 | Lair:4   | Found a staircase to the Slime Pits.
 21183 | Lair:5   | Entered Level 5 of the Lair of Beasts
 21226 | Lair:5   | Identified the +3 battleaxe "Muutew" {flame, Int+3}
 21889 | Lair:5   | Reached ****** piety under Makhleb
 21902 | Lair:5   | Reached XP level 15. HP: 119/119 MP: 20/22
 23111 | Lair:5   | Acquired 964 gold pieces
 23286 | D:12     | Bought the Volume of Different Ouranomancy for 390 gold
                  | pieces
 23286 | D:12     | Bought a book of Conjurations for 260 gold pieces
 23293 | D:12     | Learned a level 4 spell: Fulminant Prism
 23300 | D:12     | Learned a level 6 spell: Eringya's Noxious Bog
 23308 | D:12     | Learned a level 7 spell: Storm Form
 23574 | D:14     | Reached skill level 1 in Poison Magic
 23583 | D:14     | Reached skill level 1 in Transmutations
 23583 | D:14     | Reached skill level 1 in Air Magic
 24213 | D:14     | Found Loyzxe's Distillery.
 24243 | D:14     | Noticed Snorg
 24266 | D:14     | Killed Snorg
 24349 | D:14     | Found a gate to the Vaults.
 24748 | D:15     | Entered Level 15 of the Dungeon
 24801 | D:15     | Noticed Nessos
 24924 | D:15     | HP: 8/180 [skeletal warrior/+0 halberd (13)]
 25354 | D:14     | Killed Nessos
 25486 | D:15     | Found a shadowy altar of Dithmenos.
 26368 | Abyss:2  | Cast into level 2 of the Abyss (a wizard)
 26471 | Abyss:2  | Found a hazy altar of Hepliaklqana.
 26779 | Abyss:2  | Found a corrupted altar of Lugonu.
 26849 | Abyss:2  | Noticed a tentacled monstrosity
 26892 | Abyss:2  | Noticed a tentacled starspawn
 26960 | Abyss:2  | Gained mutation: You occasionally lose the ability to read
                  | scrolls when taking damage. [a neqoxec]
 26961 | Abyss:2  | Gained mutation: You are dopey. (Int -2) [a neqoxec]
 26980 | Abyss:3  | Lost mutation: You occasionally lose the ability to read
                  | scrolls when taking damage. [potion of mutation]
 26980 | Abyss:3  | Lost mutation: You are dopey. (Int -2) [potion of mutation]
 26980 | Abyss:3  | Gained mutation: You are weak. (Str -2) [potion of
                  | mutation]
 26980 | Abyss:3  | Gained mutation: You have hidden genetic defects. [potion
                  | of mutation]
 26980 | Abyss:3  | Lost mutation: You have hidden genetic defects. [potion of
                  | mutation]
 26995 | Abyss:3  | Noticed a black draconian knight
 27080 | Abyss:3  | Noticed a bone dragon
 27117 | Abyss:3  | Killed a bone dragon
 27118 | Abyss:3  | Reached skill level 10 in Conjurations
 27160 | D:15     | Escaped the Abyss
 27178 | D:15     | Found a staircase to the Depths.
 27472 | Elf:1    | Entered Level 1 of the Elven Halls
 27487 | Elf:1    | Paralysed by an air elemental for 1 turns
 27613 | Elf:1    | Reached XP level 16. HP: 127/127 MP: 21/23
 27781 | Elf:1    | Learned a level 7 spell: Orb of Destruction
 27912 | Elf:1    | Reached skill level 5 in Poison Magic
 28124 | Elf:1    | Reached skill level 10 in Invocations
 28329 | Elf:1    | Reached skill level 5 in Transmutations
 28378 | Elf:1    | Reached skill level 5 in Air Magic
 28538 | Elf:1    | Found a radiant altar of Vehumet.
 29519 | Elf:2    | Found Yrghucon's Magic Scroll Shoppe.
 29532 | Elf:2    | Bought a scroll of acquirement for 728 gold pieces
 29536 | Elf:2    | Acquired 444 gold pieces
 30025 | Elf:2    | Found a runed translucent gate.
 30026 | Elf:2    | Found a runed translucent gate.
 30026 | Elf:2    | Found a runed translucent gate.
 30530 | Abyss:4  | Found a corrupted altar of Lugonu.
 30530 | Abyss:4  | Cast into level 4 of the Abyss (+3 scimitar of distortion)
 30543 | Abyss:5  | Found a corrupted altar of Lugonu.
 30636 | Abyss:5  | Noticed a tentacled monstrosity
 30641 | Abyss:5  | Paralysed by an air elemental for 1 turns
 30670 | Abyss:5  | Gained mutation: Your spells are a little easier to cast,
                  | but a little less powerful. [a neqoxec]
 30673 | Abyss:5  | Paralysed by an air elemental for 1 turns
 30673 | Abyss:5  | Killed from afar by an air elemental

Illustrated notes

Levels and vault maps discovered:
D:1:      evilmike_arrival_rings, layout_rooms, serial_glass, glass_columns_c,
          glass_columns_a, glass_columns_a, glass_columns_a
D:2:      layout_loops_corners, shapermc_ecumenical_altar_totnotflames
D:3:      corexii_shack_village, layout_loops_ring, amcnicky_altar_gilded,
          st_stairs_13, chequers_serial_rivers_room_a
D:4:      minmay_angry_zag, layout_rooms, serial_shops, kennysheep_mini
D:5:      nicolae_cairo_tiling, layout_basic, nemelex_altar_shiori,
          temple_statues, minmay_misc_feat_tiny, uniq_pikel
D:6:      layout_loops_ring, ebering_ghost_sewer_d
D:7:      layout_loops_ring, fedhas_altar_decomposition, kb_rosetta,
          uniq_duvessa
D:8:      layout_basic, serial_shops, nicolae_shop_statue_plus, enter_bailey_5
D:9:      layout_loops_ring, dk_yredelemnul_ordeal,
          gammafunk_temple_overflow_pools, lair_entry_dummy, uniq_maurice
D:10:     layout_cave_pods, mainiacjoe_overflow_alcove_1,
          trog_three_pillars_becter, grunt_temple_overflow_open, uniq_lodul,
          uniq_joseph
D:11:     layout_irregular_city, ebering_ghost_xom, uniq_nergalle
D:12:     layout_cave_pools, serial_shops, nicolae_shop_behind_doors,
          uniq_azrael
D:13:     layout_roguey, gammafunk_ghost_fury_of_okawaru
D:14:     layout_gridville, erik_vaults_1, serial_shops, shop,
          infiniplex_staircase_9_rooms, uniq_snorg
D:15:     grunt_enter_depths_magical_seal, layout_cave_pools,
          chequers_serial_rivers_marsh, nicolae_dithmenos_the_darkroom,
          uniq_nessos
Temple:   bh_familiar_temple
Lair:1:   layout_big_grid, beast_lair_carwin_8
Lair:2:   layout_long_grid, minmay_shoals_entry_lonely_mermaid,
          minmay_snake_entry_guardpost_small, beast_lair_carwin_2,
          grunt_megastairs_2
Lair:3:   layout_small_grid, hangedman_lair_generics_rect
Lair:4:   layout_cave_pods, dpeg_slime_entry_enclosed, gauntlet_entry_generic,
          infiniplex_staircase_pool
Lair:5:   evilmike_catoblepas_cave, layout_regular_city, ice2_lemuel,
          serial_bayou_shore_a
Orc:1:    layout_caves, basic_altar, nicolae_orc_pool_cavern
Orc:2:    st_orc_open, layout_caves, basic_altar
Elf:1:    layout_geoelf_octagon, basic_altar, hangedman_elf_disciples,
          hex_medium, grunt_megastairs_4
Elf:2:    nicolae_elf_blades_crystal_corner, layout_geoelf_grid, serial_shops,
          nicolae_shop_tiny_statue_garden, uniq_jorgrun
Abyss:5:  base: Lair:4, hangedman_abyss_batty_box,
          nicolae_abyss_rune_star_stuff, evilmike_abyss_exit_12,
          hangedman_abyss_or_decor_clamps, evilmike_abyss_exit_12,
          grunt_abyss_rune_forest_and_sorcery

Skill      XL: |  1  2  3  4  5  6  7  8  9 10 11 12 13 14 15 16 |
---------------+-------------------------------------------------+-----
Throwing       | 2 3 4 5 6 7 8 9 |  9.6
Polearms       | 3 4 5 7 8 9 11 12 | 12.0
Dodging        | 3 4 5 6 7 8 9 10 11 | 11.0
Fighting       | 3 4 5 6 7 8 9 10 11 | 11.7
Armour         | 3 4 5 7 8 9 |  9.3
Shields        | 2 5 6 |  6.6
Conjurations   | 3 7 10 12 | 12.4
Invocations    | 3 6 9 11 | 11.3
Spellcasting   | 2 4 |  4.9
Poison Magic   | 4 6 |  6.9
Transmutations | 4 6 |  6.3
Air Magic      | 4 6 |  6.2

Action                     |  1- 3 |  4- 6 |  7- 9 | 10-12 | 13-15 | 16-18 || total
---------------------------+-------+-------+-------+-------+-------+-------++-------
  Melee: Trident           |   101 |    66 |       |       |       |       ||   167
         Punch             |     4 |       |     3 |    16 |       |       ||    23
         Lance             |       |    51 |   287 |  1067 |  2569 |   726 ||  4700
  Evoke: Wand              |       |       |     9 |    15 |     2 |     3 ||    29
    Use: Potion            |     2 |     1 |     3 |     4 |    12 |     6 ||    28
         Scroll            |       |       |    12 |    13 |    11 |     6 ||    42
   Stab: Sleeping          |     7 |    11 |     5 |     5 |    19 |     3 ||    50
         Distracted        |     2 |       |       |     2 |     4 |     1 ||     9
         Paralysed         |       |       |       |     6 |     9 |       ||    15
         Fleeing           |       |       |       |       |     1 |       ||     1
 Armour: Leather armour    |    43 |    34 |     6 |       |       |       ||    83
         Robe              |       |       |    89 |    40 |       |       ||   129
         Fire dragon scale |       |       |       |   414 |   888 |   226 ||  1528
  Dodge: Dodged            |    99 |    63 |   275 |   764 |  1304 |   293 ||  2798
         Repelled          |       |       |     2 |     9 |    13 |    17 ||    41
  Block: Buckler           |       |       |       |   105 |   593 |   156 ||   854

Table legend: (Time is in decaauts)
 A = Elapsed time spent in this place.
 B = Non-inter-level travel time spent in this place.
 C = Inter-level travel time spent in this place.
 D = Time resting spent in this place.
 E = Time spent auto-exploring this place.
 F = Levels seen in this place.
 G = Mean time per level.
                   A        B        C        D        E       F      G
               +--------+--------+--------+--------+--------+-----+--------+
         Total |  28628 |  26930 |   1698 |   4747 |  13950 |  31 |  923.5 |
       Dungeon |  15387 |  14043 |   1344 |   2138 |   8303 |  15 | 1025.8 |
        Temple |    187 |    163 |     24 |      0 |    151 |   1 |  187.0 |
          Lair |   6251 |   6017 |    234 |    932 |   3432 |   5 | 1250.2 |
  Orcish Mines |   1742 |   1683 |     59 |    360 |    748 |   2 |  871.0 |
   Elven Halls |   2662 |   2627 |     35 |    552 |   1107 |   2 | 1331.0 |
         Abyss |    837 |    837 |      0 |    102 |      7 |   4 |  209.2 |
        Bailey |    980 |    980 |      0 |    382 |    200 |   1 |  980.0 |
      Gauntlet |    579 |    579 |      0 |    280 |      0 |   1 |  579.0 |
               +--------+--------+--------+--------+--------+-----+--------+

Top non-repeatable levels by time:
  Lair:5: 1702 daAuts
    D:14: 1593 daAuts
    D:10: 1432 daAuts
   Elf:2: 1404 daAuts
    D:11: 1362 daAuts
  Lair:3: 1312 daAuts
    D:15: 1303 daAuts
   Elf:1: 1257 daAuts
  Lair:2: 1212 daAuts
  Lair:4: 1198 daAuts
     D:2: 1184 daAuts
     D:8: 1055 daAuts
     D:3: 1035 daAuts
     D:7: 983 daAuts
  Bailey: 980 daAuts
